MWL (24 & UNDER)
BARRY'S BAY ORIOLES @ MANHATTEN MEATHEADS
07/11/2030
 
TOP OF THE 1ST
Barry's Bay Orioles batting - Pitching for Manhatten Meatheads : LHP Ángelo Gutiérrez
Pitching: LHP Ángelo Gutiérrez
Batting: RHB Howard Robinson 0-0: Called Strike
0-1: Ground out 4-3 (Groundball, 4S)
Batting: RHB Jackson Smith 0-0: Ground out 5-3 (Groundball, 5L)
Batting: RHB Charles Lewis 0-0: Ball
1-0: Ball
2-0: Fly out, F7 (Flyball, 7S)
Top of the 1st over - 0 runs, 0 hits, 0 errors, 0 left on base; Barry's Bay 0 - Manhatten 0
BOTTOM OF THE 1ST
Manhatten Meatheads batting - Pitching for Barry's Bay Orioles : RHP David Miller
Pitching: RHP David Miller
Batting: LHB Wayne Rogers 0-0: Foul Ball, location: 2F
0-1: Ball
1-1: Ball
2-1: Foul Ball, location: 2F
2-2: Ball
3-2: SINGLE (Groundball, 3D)
Batting: RHB Roberto Rodríguez 0-0: Called Strike
Wayne Rogers steals 2nd base
0-1: Foul Ball, location: 2F
0-2: SINGLE (Groundball, 56D)
Wayne Rogers to third
Batting: RHB António Vargas 0-0: Swinging Strike
0-1: Ball
1-1: Fly out, F7 (Line Drive, 78D)
Runner from 3rd tags up, SCORES, no throw
Batting: LHB Geoff May 0-0: Ball
1-0: Called Strike
1-1: Ball
2-1: SINGLE (Groundball, 34D)
Roberto Rodríguez to second
Runner from 2nd tries for 3rd, SAFE, no throw
Batting: RHB Paul French 0-0: Foul Ball, location: 2F
0-1: Called Strike
0-2: Ball
1-2: Ground out 5-3 (Groundball, 56S)
Roberto Rodríguez scores
Geoff May to second
Batting: LHB Miguel Pérez 0-0: Ball
1-0: Foul Ball, location: 2F
1-1: Ball
2-1: SINGLE (Line Drive, 6MD)
Geoff May to third
Batting: RHB Ricardo Medina 0-0: Called Strike
0-1: Called Strike
0-2: Ball
1-2: Strikes out swinging
Bottom of the 1st over - 2 runs, 4 hits, 0 errors, 2 left on base; Barry's Bay 0 - Manhatten 2
TOP OF THE 2ND
Barry's Bay Orioles batting - Pitching for Manhatten Meatheads : LHP Ángelo Gutiérrez
Batting: RHB Dwayne Roldán 0-0: Swinging Strike
0-1: Ball
1-1: Ball
2-1: Fly out, F8 (Line Drive, 8LD)
Batting: RHB Esteban Álvarez 0-0: Foul Ball, location: 2F
0-1: Fly out, F7 (Line Drive, 78M)
Batting: RHB Ray Bray 0-0: Called Strike
0-1: Fly out, F9 (Flyball, 9S)
Top of the 2nd over - 0 runs, 0 hits, 0 errors, 0 left on base; Barry's Bay 0 - Manhatten 2
BOTTOM OF THE 2ND
Manhatten Meatheads batting - Pitching for Barry's Bay Orioles : RHP David Miller
Batting: RHB Wayne Scott 0-0: Ball
1-0: Foul Ball, location: 2F
1-1: Swinging Strike
1-2: Ball
2-2: Strikes out swinging
Batting: RHB Ralph Fitzgerald 0-0: Ball
1-0: Called Strike
1-1: Called Strike
1-2: Foul Ball, location: 2F
1-2: Foul Ball, location: 2F
1-2: Strikes out swinging
Batting: LHB Wayne Rogers 0-0: Foul Ball, location: 2F
0-1: Called Strike
0-2: Ball
1-2: Ball
2-2: Ball
3-2: SINGLE (Groundball, 6D)
Batting: RHB Roberto Rodríguez 0-0: Ball
Wayne Rogers is caught stealing 2nd base
Bottom of the 2nd over - 0 runs, 1 hit, 0 errors, 0 left on base; Barry's Bay 0 - Manhatten 2
TOP OF THE 3RD
Barry's Bay Orioles batting - Pitching for Manhatten Meatheads : LHP Ángelo Gutiérrez
Batting: RHB Francisco Díaz 0-0: Ball
1-0: Called Strike
1-1: Called Strike
1-2: Ball
2-2: Strikes out swinging
Batting: SHB Dan Morse 0-0: Ball
1-0: Foul Ball, location: 2F
1-1: Called Strike
1-2: Strikes out swinging
Batting: SHB Brent Boswell 0-0: Foul Ball, location: 2F
0-1: Ball
1-1: Foul Ball, location: 2F
1-2: Strikes out looking
Top of the 3rd over - 0 runs, 0 hits, 0 errors, 0 left on base; Barry's Bay 0 - Manhatten 2
BOTTOM OF THE 3RD
Manhatten Meatheads batting - Pitching for Barry's Bay Orioles : RHP David Miller
Batting: RHB Roberto Rodríguez 0-0: Ball
1-0: Called Strike
1-1: Ball
2-1: Ball
3-1: Swinging Strike
3-2: Ground out 5-3 (Groundball, 5)
Batting: RHB António Vargas 0-0: Fly out, F5 (Line Drive, 56)
Batting: LHB Geoff May 0-0: Foul Ball, location: 2F
0-1: Swinging Strike
0-2: Foul Ball, location: 2F
0-2: Foul Ball, location: 2F
0-2: Strikes out swinging
Bottom of the 3rd over - 0 runs, 0 hits, 0 errors, 0 left on base; Barry's Bay 0 - Manhatten 2
TOP OF THE 4TH
Barry's Bay Orioles batting - Pitching for Manhatten Meatheads : LHP Ángelo Gutiérrez
Batting: RHB Howard Robinson 0-0: Ball
1-0: Ball
2-0: Ball
3-0: Called Strike
3-1: Ball
Batting: RHB Jackson Smith 0-0: Called Strike
0-1: Ball
1-1: Foul Ball, location: 2F
1-2: Ball
2-2: Fly out, F9 (Line Drive, 89D)
Batting: RHB Charles Lewis 0-0: Fly out, F7 (Flyball, 7LS)
Batting: RHB Dwayne Roldán 0-0: Ball
1-0: Ball
2-0: Swinging Strike
2-1: Ground out U3 (Groundball, 34)
Top of the 4th over - 0 runs, 0 hits, 0 errors, 1 left on base; Barry's Bay 0 - Manhatten 2
BOTTOM OF THE 4TH
Manhatten Meatheads batting - Pitching for Barry's Bay Orioles : RHP David Miller
Batting: RHB Paul French 0-0: Hit by Pitch
Batting: LHB Miguel Pérez 0-0: Ball
1-0: Ball
2-0: Ball
3-0: Called Strike
3-1: Base on Balls
Paul French to second
Batting: RHB Ricardo Medina 0-0: Called Strike
0-1: Called Strike
0-2: Foul Ball, location: 2F
0-2: SINGLE (Line Drive, 78M)
Paul French to third
Miguel Pérez to second
Batting: RHB Wayne Scott 0-0: Swinging Strike
0-1: Ball
1-1: Fly out, F8 (Flyball, 8LM)
Runner from 3rd tags up, OUT at HOME
Miguel Pérez to third
Ricardo Medina to second
Batting: RHB Ralph Fitzgerald 0-0: Ball
1-0: Called Strike
1-1: Ground out 4-3 (Groundball, 4M)
Bottom of the 4th over - 0 runs, 1 hit, 0 errors, 2 left on base; Barry's Bay 0 - Manhatten 2
TOP OF THE 5TH
Barry's Bay Orioles batting - Pitching for Manhatten Meatheads : LHP Ángelo Gutiérrez
Batting: RHB Esteban Álvarez 0-0: Ball
1-0: SINGLE (Groundball, 6MS) (infield hit)
Batting: RHB Ray Bray 0-0: Ball
1-0: Swinging Strike
1-1: Foul Ball, location: 2F
1-2: Ball
2-2: Strikes out looking
Batting: RHB Francisco Díaz 0-0: Ball
1-0: Ball
2-0: Grounds into double play, 4-6-3 (Groundball, 4)
Top of the 5th over - 0 runs, 1 hit, 0 errors, 0 left on base; Barry's Bay 0 - Manhatten 2
BOTTOM OF THE 5TH
Manhatten Meatheads batting - Pitching for Barry's Bay Orioles : RHP David Miller
Batting: LHB Wayne Rogers 0-0: Foul Ball, location: 2F
0-1: Swinging Strike
0-2: Ball
1-2: Fly out, F5 (Popup, 6S)
Batting: RHB Roberto Rodríguez 0-0: Ball
1-0: Foul Ball, location: 2F
1-1: Fly out, F8 (Flyball, 8LS)
Batting: RHB António Vargas 0-0: Called Strike
0-1: Ball
1-1: Ball
2-1: Foul Ball, location: 2F
2-2: Ball
3-2: Base on Balls
Batting: LHB Geoff May 0-0: Called Strike
0-1: Ball
1-1: Ball
2-1: Called Strike
2-2: Ground out 4-3 (Groundball, 4)
Bottom of the 5th over - 0 runs, 0 hits, 0 errors, 1 left on base; Barry's Bay 0 - Manhatten 2
TOP OF THE 6TH
Barry's Bay Orioles batting - Pitching for Manhatten Meatheads : LHP Ángelo Gutiérrez
Batting: SHB Dan Morse 0-0: Ball
1-0: Ball
2-0: Ground out 4-3 (Groundball, 4M)
Batting: SHB Brent Boswell 0-0: Ball
1-0: Called Strike
1-1: Ball
2-1: Foul Ball, location: 2F
2-2: Foul Ball, location: 2F
2-2: Ground out 4-3 (Groundball, 4)
Batting: RHB Howard Robinson 0-0: Ball
1-0: Ball
2-0: SINGLE (Groundball, 4MD)
Batting: RHB Jackson Smith 0-0: Foul Ball, location: 2F
0-1: Ball
1-1: Fly out, F8 (Flyball, 8RM)
Top of the 6th over - 0 runs, 1 hit, 0 errors, 1 left on base; Barry's Bay 0 - Manhatten 2
BOTTOM OF THE 6TH
Manhatten Meatheads batting - Pitching for Barry's Bay Orioles : RHP David Miller
Pitching: RHP Luis Ruíz
Batting: RHB Paul French 0-0: Ball
1-0: Foul Ball, location: 2F
1-1: SINGLE (Groundball, 4MD)
Batting: LHB Miguel Pérez 0-0: Called Strike
0-1: Ground out U3 (Groundball, 34S)
Paul French to second
Batting: RHB Ricardo Medina 0-0: Ball
1-0: Ball
2-0: Ground out 5-3 (Groundball, 56)
Batting: RHB Wayne Scott 0-0: Ball
1-0: Ball
2-0: Called Strike
2-1: Ball
3-1: Foul Ball, location: 2F
3-2: Foul Ball, location: 2F
3-2: Base on Balls
Batting: RHB Ralph Fitzgerald 0-0: Ball
1-0: Fielders Choice at 2nd, 6-4 (Groundball, 6)
Bottom of the 6th over - 0 runs, 1 hit, 0 errors, 2 left on base; Barry's Bay 0 - Manhatten 2
TOP OF THE 7TH
Barry's Bay Orioles batting - Pitching for Manhatten Meatheads : LHP Ángelo Gutiérrez
Batting: RHB Charles Lewis 0-0: Called Strike
0-1: SINGLE (Groundball, 56D)
Batting: RHB Dwayne Roldán 0-0: Ball
1-0: Grounds into double play, 6-4-3 (Groundball, 6)
Batting: RHB Esteban Álvarez 0-0: Ball
1-0: DOUBLE (Flyball, 8LD)
Batting: RHB Ray Bray 0-0: Ground out 6-3 (Groundball, 6)
Top of the 7th over - 0 runs, 2 hits, 0 errors, 1 left on base; Barry's Bay 0 - Manhatten 2
BOTTOM OF THE 7TH
Manhatten Meatheads batting - Pitching for Barry's Bay Orioles : RHP Luis Ruíz
Batting: LHB Wayne Rogers 0-0: Ball
1-0: Called Strike
1-1: Foul Ball, location: 2F
1-2: Foul Ball, location: 2F
1-2: Foul Ball, location: 2F
1-2: Ground out 3-1 (Groundball, 34S)
Batting: RHB Roberto Rodríguez 0-0: Called Strike
0-1: Ball
1-1: SINGLE (Line Drive, 8LS)
Batting: RHB António Vargas 0-0: Ball
Roberto Rodríguez is caught stealing 2nd base
1-0: Foul Ball, location: 2F
1-1: Called Strike
1-2: Ball
2-2: Strikes out swinging
Bottom of the 7th over - 0 runs, 1 hit, 0 errors, 0 left on base; Barry's Bay 0 - Manhatten 2
TOP OF THE 8TH
Barry's Bay Orioles batting - Pitching for Manhatten Meatheads : LHP Ángelo Gutiérrez
Batting: RHB Francisco Díaz 0-0: Ball
1-0: Ball
2-0: Called Strike
2-1: Called Strike
2-2: Ball
3-2: Foul Ball, location: 2F
3-2: Ground out 5-3 (Groundball, 5S)
Batting: SHB Dan Morse 0-0: Ball
1-0: Ball
2-0: Called Strike
2-1: Ball
3-1: SINGLE (Line Drive, 8LS)
Batting: SHB Brent Boswell 0-0: SINGLE (Line Drive, 4MD)
Dan Morse to second
Pinch Hitting: RHB Conner Riley 0-0: Ball
1-0: Foul Ball, location: 2F
1-1: Swinging Strike
1-2: Ball
2-2: Ball
3-2: Strikes out looking
Pinch Hitting: SHB Juan Soriano 0-0: Ball
1-0: Foul Ball, location: 2F
1-1: Called Strike
1-2: DOUBLE (Line Drive, 89D)
Dan Morse scores
Brent Boswell to third
Batting: RHB Charles Lewis 0-0: Ball
1-0: Fly out, F9 (Flyball, 9LS)
Top of the 8th over - 1 run, 3 hits, 0 errors, 2 left on base; Barry's Bay 1 - Manhatten 2
BOTTOM OF THE 8TH
Manhatten Meatheads batting - Pitching for Barry's Bay Orioles : RHP Luis Ruíz
Now at SS: Conner Riley
Now in LF: Francisco Fidal
Batting: LHB Geoff May 0-0: Ball
1-0: Called Strike
1-1: Ball
2-1: Ball
3-1: SINGLE (Line Drive, 9LS)
Batting: RHB Paul French 0-0: Ball
1-0: Ball
2-0: Foul Ball, location: 2F
2-1: Ball
3-1: Foul Ball, location: 2F
3-2: Fly out, F7 (Line Drive, 7LM)
Batting: LHB Miguel Pérez 0-0: Ball
1-0: Foul Ball, location: 2F
1-1: Called Strike
1-2: Ball
2-2: Strikes out looking
Batting: RHB Ricardo Medina 0-0: Swinging Strike
0-1: Ball
1-1: Called Strike
1-2: Foul Ball, location: 2F
1-2: Strikes out swinging
Bottom of the 8th over - 0 runs, 1 hit, 0 errors, 1 left on base; Barry's Bay 1 - Manhatten 2
TOP OF THE 9TH
Barry's Bay Orioles batting - Pitching for Manhatten Meatheads : LHP Ángelo Gutiérrez
Pitching: RHP Frank Scott
Now in CF: Ken Ward
Batting: RHB Dwayne Roldán 0-0: Ground out 4-3 (Groundball, 34S)
Batting: RHB Esteban Álvarez 0-0: Ball
1-0: Called Strike
1-1: SINGLE (Groundball, 56D)
Batting: RHB Ray Bray 0-0: Ball
1-0: Ball
2-0: Swinging Strike
2-1: Ball
3-1: Called Strike
3-2: Foul Ball, location: 2F
3-2: Base on Balls
Esteban Álvarez to second
Pinch Hitting: RHB Joel García 0-0: Called Strike
0-1: Fly out, F6 (Line Drive, 6)
Pinch Hitting: LHB Chris López 0-0: Ball
1-0: Called Strike
1-1: Called Strike
1-2: Fly out, F7 (Flyball, 7S)
Top of the 9th over - 0 runs, 1 hit, 0 errors, 2 left on base; Barry's Bay 1 - Manhatten 2
Saturday, April 7th, 2018 - OOTP Baseball 18.8 Build 76